 Dungeon Crawl Stone Soup version 0.29-a0-925-g0a7a3d12f8 (webtiles) character file.

Game seed: 1851173676291081185

93 Essalna the Insei (level 4, -2/29 HPs)
             Began as an Octopode Transmuter on July 29, 2022.
             Killed by divine providence
             ... invoked by an orc priest
              (16 damage)
             ... on level 3 of the Dungeon.
             The game lasted 00:04:47 (2905 turns).

Essalna the Insei (Octopode Transmuter)             Turns: 2905, Time: 00:04:48

Health: -2/29      AC:  1    Str:  9    XL:     4   Next: 61%
Magic:  7/7        EV: 14    Int: 15    God:
Gold:   180        SH:  0    Dex: 20    Spells: 6/7 levels left

rFire   . . .      SeeInvis .     - Unarmed
rCold   . . .      Faith    .   (no shield)
rNeg    . . .      Spirit   .   (helmet currently unavailable)
rPois   .          Reflect  .   q - amulet of magic regeneration
rElec   .          Harm     .   b - ring of resist corrosion
rCorr   +          Rampage  .   f - +6 ring of dexterity
Will    .....                   (no ring)
Stlth   +++.......              (no ring)
HPRegen 0.09/turn               (no ring)
MPRegen 0.50/turn               (no ring)
                                (no ring)
                                (no ring)

@: appendages
A: tentacle spike 3, almost no armour, amphibious, 8 rings, camouflage 1,
gelatinous body 1, (nimble swimmer 1), tentacles
a: End Transformation


You were on level 3 of the Dungeon.
One of your tentacles had grown a beastly spike.
You visited 1 branch of the dungeon, and saw 3 of its levels.

You collected 180 gold pieces.

Inventory:

Magical Staves
 s - a staff of fire
Jewellery
 b - a ring of resist corrosion (left tentacle)
 f - a +6 ring of dexterity (right tentacle)
 q - an amulet of magic regeneration (around mantle)
Scrolls
 d - a scroll of teleportation {unknown}
 g - a scroll of identify {unknown}
 j - a scroll of enchant armour {unknown}
 k - a scroll of brand weapon {unknown}
 l - a scroll of amnesia {unknown}
 m - a scroll of acquirement {unknown}
 n - a scroll of blinking {unknown}
 o - a scroll of vulnerability {unknown}
 p - a scroll of fear {unknown}
 r - 2 scrolls of immolation {unknown}
 t - a scroll of fog {unknown}
 u - a scroll of torment {unknown}
 v - a scroll of enchant weapon {unknown}
Potions
 a - 2 potions of lignification
 c - 3 potions of attraction {unknown}
 e - 2 potions of might {unknown}
 h - 2 potions of cancellation {unknown}
 i - a potion of haste {unknown}


   Skills:
 + Level 2.0 Fighting
 + Level 2.7 Dodging
 + Level 2.3 Stealth
 + Level 3.5 Unarmed Combat
 - Level 2.0 Spellcasting
 + Level 2.7 Transmutations


You had 6 spell levels left.
You knew the following spells:

 Your Spells              Type           Power      Damage    Failure   Level
a - Beastly Appendage     Tmut           18%        N/A       8%          1

Your spell library contained the following spells:

 Spells                   Type           Power      Damage    Failure   Level
 Wereblood                Tmut           9%         N/A       11%         2
 Slow                     Hex            4%         N/A       22%         1
 Static Discharge         Conj/Air       1%         3-4/arc   32%         2
 Spider Form              Tmut/Pois      5%         N/A       36%         3
 Confusing Touch          Hex            1%         N/A       54%         3
 Vampiric Draining        Necr           1%         2d6       54%         3
 Ice Form                 Ice/Tmut       5%         N/A       77%         4
 Dispel Undead            Necr           1%         3d6       91%         4
 Sticky Flame             Conj/Fire      1%         2d3       91%         4


Dungeon Overview and Level Annotations

Branches:
Dungeon (3/15)

Altars:


Innate Abilities, Weirdness & Mutations

One of your tentacles has grown a beastly spike.
You cannot wear most types of armour.
You are amphibious.
You can wear up to eight rings at the same time.
Your skin changes colour to match your surroundings (Stealth+).
Your rubbery body absorbs attacks. (AC +1, EV +1)
((You are camouflaged when in or above water. (Stealth+)))
You have tentacles for arms and can constrict up to eight enemies at once.


Message History

You tentacle-slap the goblin. You grab the goblin.
The goblin is heavily wounded.
You constrict the goblin. The goblin hits you with a +0 club.
* * * LOW HITPOINT WARNING * * *
You tentacle-slap the goblin.
You kill the goblin!
Things that are here:
a +0 club; a goblin corpse You start resting.
HP restored.
There is a stone staircase leading down here.
You climb downwards.
There is a stone staircase leading up, spattered with blood here.
One of your tentacles grows a vicious spike.
The orc priest hits you with a +0 hand axe!
An orc comes into view. It is wielding a +1 hand axe of venom.
You are too injured to fight recklessly!
You closely miss the orc priest.
The orc shouts!
You grab the orc priest.
You pierce the orc priest, but do no damage.
You constrict the orc priest, but do no damage.
You hear a shout! x2
The orc priest barely misses you.
You tentacle-slap the orc priest but do no damage.
You pierce the orc priest.
The orc priest is lightly wounded.
You constrict the orc priest, but do no damage.
The orc priest hits you with a +0 hand axe!
You tentacle-slap the orc priest but do no damage.
The orc priest is lightly wounded.
You constrict the orc priest, but do no damage.
The orc priest looks encouraged for a moment.
You barely miss the orc priest.
You pierce the orc priest.
The orc priest is lightly wounded.
You constrict the orc priest.
The orc priest calls down the wrath of Beogh upon you.
Beogh smites you!
Ouch! That really hurt!
You die...

#.......................
#.............####.[....
#.......................
#..........#......##...>
#..........#......##....
#...............#####.
####.......#........#.
#..#.............##
#<@#...###..†....#
######..o.............#
#......######.........##
#............#..........
#.........##.##.........
#............†...##+##..
#....#+#............#...
#....# +............####
#...## #..............#


You could see an orc priest.

Vanquished Creatures
  4 adders
  A dart slug (D:1)
  8 ball pythons
  6 endoplasms
  2 giant cockroaches
  5 goblins
  4 hobgoblins
  4 kobolds
  4 quokkas
  8 bats
  4 frilled lizards
  2 rats (D:2)
52 creatures vanquished.

Notes
Turn   | Place    | Note
-------+----------+-------------------------------------------
     0 | D:1      | Essalna the Octopode Transmuter began the quest for the
                  | Orb.
     0 | D:1      | Reached XP level 1. HP: 13/13 MP: 3/3
   451 | D:1      | Reached XP level 2. HP: 15/18 MP: 3/5
   505 | D:1      | Reached skill level 1 in Stealth
  1010 | D:1      | Reached XP level 3. HP: 23/23 MP: 3/6
  1519 | D:2      | Found a faded altar of an unknown god.
  1862 | D:2      | Reached XP level 4. HP: 29/29 MP: 7/7
  2905 | D:3      | Killed from afar by an orc priest

Illustrated notes

Levels and vault maps discovered:
D:1:      psy_arrival_basics, layout_loops_ring,
          corexii_item_surrounded_by_moat, chequers_serial_rivers_marsh,
          minmay_tall_x
D:2:      layout_rooms, basic_ecumenical_altar
D:3:      layout_basic, ebering_ghost_sewer_f, nicolae_elevator_lobby_plus

Skill      XL: |  1  2  3  4 |
---------------+-------------+-----
Stealth        | 1 2 |  2.3
Fighting       | 2 |  2.0
Dodging        | |  2.7
Unarmed Combat | |  3.5
Spellcasting   | |  2.0
Transmutations | |  2.7

Action                   |  1- 3 |  4- 6 || total
-------------------------+-------+-------++-------
Melee: Unarmed           |    73 |    37 ||   110
       Constrict         |    22 |    10 ||    32
       Kick              |    20 |    11 ||    31
       Tentacles         |     9 |     9 ||    18
       Punch             |     3 |     4 ||     7
 Cast: Beastly Appendage |    18 |    15 ||    33
 Stab: Sleeping          |     9 |     6 ||    15
Armor: Skin              |     6 |     1 ||     7
Dodge: Dodged            |    34 |    20 ||    54

Table legend: (Time is in decaauts)
 A = Elapsed time spent in this place.
 B = Non-inter-level travel time spent in this place.
 C = Inter-level travel time spent in this place.
 D = Time resting spent in this place.
 E = Time spent auto-exploring this place.
 F = Levels seen in this place.
 G = Mean time per level.
                   A        B        C        D        E       F      G
               +--------+--------+--------+--------+--------+-----+--------+
         Total |   2898 |   2831 |     67 |    349 |   1997 |   3 |  966.0 |
       Dungeon |   2898 |   2831 |     67 |    349 |   1997 |   3 |  966.0 |
               +--------+--------+--------+--------+--------+-----+--------+

Top non-repeatable levels by time:
     D:1: 1627 daAuts
     D:2: 1071 daAuts
     D:3: 199 daAuts
